 Dungeon Sprint DCSS version 0.19.1 (webtiles) character file.

637 dvd the Grappler (level 7, -10/78 HPs)
             Began as a Troll Berserker on Dec 15, 2016.
             Was a Priest of Trog.
             Mangled by a red devil
             ... wielding a +0 trident
             ... summoned by a kobold demonologist
              (16 damage)
             ... while paralysed by a floating eye
             ... in the Dungeon (Sprint I: "Red Sonja").
             The game lasted 00:02:13 (271 turns).

dvd the Grappler (Troll Berserker)                   Turns: 271, Time: 00:02:15

Health: -10/78     AC:  5    Str: 27    XL:     7   Next: 25%
Magic:  6/6        EV:  1    Int:  3    God:    Trog [***...]
Gold:   103        SH:  0    Dex: 10    Spells: 0 memorised, 6 levels left

rFire  . . .     SeeInvis .     j - +4 great mace (protect)
rCold  . . .     Gourm    +     a - +0 animal skin
rNeg   . . .     Faith    .     (shield currently unavailable)
rPois  .         Spirit   .     (helmet restricted)
rElec  .         Reflect  .     (no cloak)
rCorr  .         Harm     .     (gloves unavailable)
MR     .....     NoTele   +     (boots unavailable)
Stlth  ++........               (no amulet)
                                (no ring)
                                (no ring)

@: paralysed, exhausted, hasted and slowed
A: unfitting armour, claws 3, fast metabolism 3, gourmand, regeneration 1,
shaggy fur 1, tough skin 2
a: Berserk, Trog's Hand, Burn Spellbooks, Renounce Religion


You were in the Dungeon.
You worshipped Trog.
Trog was most pleased with you.
You were not hungry.

You visited 1 branch You collected 430 gold pieces.
You spent 327 gold pieces at shops.

Inventory:

Hand Weapons
 j - a +4 great mace of protection (weapon)
Armour
 a - a +0 animal skin (worn)
Wands
 i - a wand of random effects (28/48)
Scrolls
 h - a scroll of blinking
Potions
 c - a potion of curing
 f - 2 potions of magic
 g - a potion of berserk rage
Comestibles
 b - 2 bread rations


   Skills:
 + Level 7.6 Fighting
 + Level 7.9 Dodging
 + Level 1.5 Stealth
 + Level 10.0 Unarmed Combat


You had 6 spell levels left.
You didn't know any spells.

Dungeon Overview and Level Annotations

Branches:
Dungeon (1/1)

Altars:
Cheibriados
Dithmenos
Elyvilon
Fedhas
Gozag
Hepliaklqana
Kikubaaqudgha
Makhleb
Nemelex Xobeh
Okawaru
Qazlal
Ru
Sif Muna
Trog
Uskayaw
Vehumet
Xom
Yredelemnul
Zin
The Shining One
Jiyva
Lugonu

Shops:
D (


Innate Abilities, Weirdness & Mutations

You are too large for most types of armour.
You have claws for hands.
Your metabolism is lightning-fast.
You like to eat raw meat.
Your natural rate of healing is unusually fast.
You are covered in fur. (AC +1)
You have very tough skin. (AC +2)


Message History

The red devil hits you from afar with a trident.
* * * LOW HITPOINT WARNING * * *
The ynoxinul hits you but does no damage.
The kobold demonologist hits you but does no damage.
You feel much better. The red devil misses you.
The iron imp disappears for a moment.
The iron imp closely misses you.
The kobold demonologist barely misses you.
The ynoxinul hits you!
The kobold demonologist casts a spell.
The iron imp barely misses you.
The red devil hits you from afar with a trident!!
* * * LOW HITPOINT WARNING * * *
You feel yourself speed up. The ynoxinul hits you.
* * * LOW HITPOINT WARNING * * *
The kobold demonologist closely misses you.
The floating eye gazes piercingly through you!
You suddenly lose the ability to move!
The red devil hits you from afar with a trident!
You die...

######################
..'..#.)'..#__#35KKG.#
).#..'..#..'..4.@#...#
####'#####'#__#### ..+
###..#...#(#### ##
__####..##.#
_____##'#..+
_.∩...'..._#
_..__##_.#'#
_____###+#.# ######
###


You could see 2 kobold demonologists, a ynoxinul, a red devil, a floating eye
and an iron imp.

Vanquished Creatures
  A slime creature (D)
  Sigmund (D)
  A yak (D)
  An ogre (D)
  A jelly (D)
  Ijyb (D)
6 creatures vanquished.

Notes
Turn   | Place    | Note
-------+----------+-------------------------------------------
     0 | D        | dvd the Troll Berserker began the quest for the Orb.
     0 | D        | Reached XP level 1. HP: 22/22 MP: 0/0
     1 | D        | Noticed Ijyb
     4 | D        | Killed Ijyb
     4 | D        | Reached skill level 4 in Unarmed Combat
     4 | D        | Reached XP level 2. HP: 32/32 MP: 1/1
    10 | D        | Noticed an ogre
    22 | D        | Killed an ogre
    22 | D        | Reached skill level 5 in Fighting
    22 | D        | Reached skill level 5 in Dodging
    22 | D        | Reached skill level 6 in Unarmed Combat
    22 | D        | Reached XP level 3. HP: 14/42 MP: 2/2
    22 | D        | Reached XP level 4. HP: 17/50 MP: 3/3
    88 | D        | Noticed Sigmund
    94 | D        | Killed Sigmund
    94 | D        | Reached ** piety under Trog
    94 | D        | Reached skill level 7 in Unarmed Combat
    94 | D        | Reached XP level 5. HP: 61/61 MP: 4/4
    94 | D        | Reached XP level 6. HP: 68/68 MP: 5/5
   128 | D        | Found a deep blue altar of Sif Muna.
   130 | D        | Found a radiant altar of Vehumet.
   136 | D        | Reached skill level 8 in Unarmed Combat
   155 | D        | Found Dejauw's Weapon Emporium.
   155 | D        | Found an ancient bone altar of Kikubaaqudgha.
   155 | D        | Found a hazy altar of Hepliaklqana.
   155 | D        | Found a hide-covered altar of Uskayaw.
   155 | D        | Found a basalt altar of Yredelemnul.
   155 | D        | Found an opulent altar of Gozag.
   155 | D        | Found a snail-covered altar of Cheibriados.
   155 | D        | Found a sacrificial altar of Ru.
   155 | D        | Found a shadowy altar of Dithmenos.
   155 | D        | Noticed a yak
   156 | D        | Found a stormy altar of Qazlal.
   156 | D        | Found a blossoming altar of Fedhas.
   156 | D        | Found a bloodstained altar of Trog.
   156 | D        | Found an iron altar of Okawaru.
   156 | D        | Found a glowing golden altar of the Shining One.
   156 | D        | Found a glowing silver altar of Zin.
   156 | D        | Found a white marble altar of Elyvilon.
   161 | D        | Killed a yak
   161 | D        | Reached skill level 1 in Stealth
   161 | D        | Reached skill level 9 in Unarmed Combat
   162 | D        | Found a sparkling altar of Nemelex Xobeh.
   198 | D        | Found a burning altar of Makhleb.
   198 | D        | Found a viscous altar of Jiyva.
   198 | D        | Found a shimmering altar of Xom.
   198 | D        | Found a corrupted altar of Lugonu.
   198 | D        | Noticed a slime creature
   205 | D        | Killed a slime creature
   205 | D        | Reached *** piety under Trog
   205 | D        | Reached skill level 10 in Unarmed Combat
   205 | D        | Reached XP level 7. HP: 60/78 MP: 6/6
   233 | D        | Bought a +4 great mace of protection for 327 gold pieces
   252 | D        | Noticed a kobold demonologist
   253 | D        | Noticed a hellwing
   256 | D        | Noticed a kobold demonologist
   263 | D        | Noticed a red devil
   264 | D        | Paralysed by a floating eye for 2 turns
   267 | D        | Noticed a ynoxinul
   271 | D        | Paralysed by a floating eye for 2 turns
   271 | D        | Mangled by a red devil

Skill      XL: |  1  2  3  4  5  6 |
---------------+-------------------+-----
Fighting       | 3 5 6 7 |  7.6
Dodging        | 3 5 6 7 |  7.9
Unarmed Combat | 4 6 7 10 | 10.0
Stealth        | 1 |  1.5

Action                   |  1- 3 |  4- 6 |  7- 9 || total
-------------------------+-------+-------+-------++-------
Melee: Unarmed           |     5 |    15 |       ||    20
       Punch             |       |     1 |       ||     1
       Great mace        |       |       |    13 ||    13
Invok: Berserk           |     1 |     1 |     1 ||     3
  Use: Potion            |       |       |     2 ||     2
 Stab: Sleeping          |       |     2 |       ||     2
  Eat: Chunk             |     1 |     2 |       ||     3
Armor: Animal skin       |     1 |     2 |     7 ||    10
Dodge: Dodged            |     2 |     4 |    15 ||    21
